 Dungeon Crawl Stone Soup version 0.30.1-11-g7821555f0a (webtiles) character file.

Game seed: 14177980368032727952

725 bnorton916 the Magician (level 7, 0/36 HPs)
             Began as a Deep Elf Fire Elementalist on Nov 22, 2023.
             Slain by an orc wizard
             ... wielding a +0 dagger
              (4 damage)
             ... on level 5 of the Dungeon.
             The game lasted 00:05:54 (5351 turns).

bnorton916 the Magician (DEFE)                      Turns: 5351, Time: 00:05:55

Health: 0/36       AC:  8    Str:  5    XL:     7   Next: 43%
Magic:  12/19      EV: 12    Int: 22    God:
Gold:   294        SH:  0    Dex: 15    Spells: 12/19 levels left

rFire   . . .        (no weapon)
rCold   . . .        (no shield)
rNeg    . . .        a - +0 robe
rPois   .            n - +0 helmet
rElec   .            p - scarf {+Inv}
rCorr   .            (no gloves)
SInv    .            f - +0 pair of boots
Will    .....        l - amulet of regeneration
Stlth   ++           o - +4 ring of protection
HPRegen 1.06/turn    (no ring)
MPRegen 0.16/turn

%: no passive effects
@: no status effects
A: no striking features
a: Evoke Invisibility


You were on level 5 of the Dungeon.
You visited 1 branch of the dungeon, and saw 5 of its levels.

You collected 294 gold pieces.

Inventory:

Missiles
 e - 3 throwing nets
Armour
 a - a +0 robe (worn)
 f - a +0 pair of boots (worn)
 n - a +0 helmet (worn)
 p - a scarf of invisibility (worn)
Jewellery
 k - an amulet of faith
 l - an amulet of regeneration (around neck)
 o - a +4 ring of protection (left hand)
Wands
 q - a wand of quicksilver (2)
 s - a wand of roots (9)
Scrolls
 c - 7 scrolls of identify {unknown}
 d - 5 scrolls of fog {unknown}
 h - 2 scrolls of enchant weapon {unknown}
 t - a scroll of fear {unknown}
 u - 2 scrolls of teleportation {unknown}
 y - a scroll of blinking {unknown}
Potions
 b - a potion of magic
 g - 2 potions of berserk rage {unknown}
 i - a potion of invisibility {unknown}
 j - 2 potions of cancellation {unknown}
 m - 2 potions of flight {unknown}
 r - a potion of attraction {unknown}
 v - a potion of heal wounds
 w - a potion of curing {unknown}
 x - a potion of ambrosia {unknown}
 z - a potion of degeneration {unknown}


   Skills:
 - Level 2.4 Dodging
 - Level 2.4 Stealth
 + Level 6.9 Spellcasting
 + Level 5.2 Conjurations
 + Level 6.1 Fire Magic


You had 12 spell levels left.
You knew the following spells:

 Your Spells              Type           Power      Damage    Failure   Level
a - Foxfire               Conj/Fire      100%       2x1d9     1%          1
b - Scorch                Fire           68%        2d7       1%          2
c - Flame Wave            Conj/Fire      32%        2d9       8%          4

Your spell library contained the following spells:

 Spells                   Type           Power      Damage    Failure   Level
 Inner Flame              Hex/Fire       21%        N/A       7%          3
 Volatile Blastmotes      Fire/Tloc      42%        2d13      7%          3
 Apportation              Tloc           14%        N/A       9%          1
 Necrotise                Necr           28%        1d5       9%          1
 Slow                     Hex            28%        N/A       9%          1
 Summon Small Mammal      Summ           28%        N/A       9%          1
 Ensorcelled Hibernation  Hex/Ice        14%        N/A       13%         2
 Passwall                 Tmut/Erth      5%         N/A       13%         2
 Sublimation of Blood     Necr           7%         N/A       13%         2
 Wereblood                Tmut           7%         N/A       13%         2
 Confusing Touch          Hex            7%         N/A       26%         3
 Swiftness                Air            7%         N/A       26%         3
 Vampiric Draining        Necr           7%         2d6       26%         3
 Irradiate                Conj/Tmut      9%         3d14      63%         5
 Blade Hands              Tmut           3%         N/A       93%         5
 Dragon Form              Tmut           3%         N/A       100%        7
 Summon Hydra             Summ           3%         N/A       100%        7


Dungeon Overview and Level Annotations

Branches:
Dungeon (5/15)
 Temple: D:4-7

Altars:
Cheibriados
The Shining One


Message History

The orc wizard is no longer more vulnerable to fire.
The orc closely misses you.
The foxfire hits the orc wizard but does no damage.
The orc wizard is heavily wounded.
The foxfire hits the orc wizard.
The orc wizard resists.
The orc wizard is severely wounded.
The orc wizard completely misses you.
Casting: Foxfire (safe; 1% risk of failure)
Confirm with . or Enter, or press ? or * to list all spells.
You conjure some foxfire!
The orc hits you with a +0 flail. The orc wizard closely misses you.
The foxfire hits the orc wizard.
The orc wizard resists.
The orc wizard is almost dead.
The foxfire hits the orc wizard but does no damage.
The orc wizard is almost dead.
The orc wizard hits you with a +0 dagger.
Unknown command.
The orc wizard casts a spell.
The orc wizard flickers and vanishes!
Casting: Foxfire (safe; 1% risk of failure)
Confirm with . or Enter, or press ? or * to list all spells.
You conjure some foxfire!
The foxfire hits something but does no damage.
You hear some strange, mumbled words.
A puff of flame appears from out of thin air!
The puff of flame hits you!
* * * LOW HITPOINT WARNING * * *
The foxfire hits something.
Reactivating autopickup.
You feel a bit more experienced.
Casting: Foxfire (safe; 1% risk of failure)
Confirm with . or Enter, or press ? or * to list all spells.
Flames lash the orc.
You kill the orc!
Something hits you but does no damage.
Deactivating autopickup; reactivate with Ctrl-A.
The orc hits you with a +0 war axe!
* * * LOW HITPOINT WARNING * * *
Something hits you.
You die...

#...# ##..##
#...## ##...#
##..## ##..##
##.o## ##){##
.. ##o@## #..
# ##..## #...
# ##..###
#...# ##
##...##...#
.#########
##......#
.........##
##....##
..........##
#....#
......##...##
#....#
....#####...##
##....##


You could see 2 orcs.

Vanquished Creatures
  A black bear (D:5)
  An ice beast (D:4)
  An ogre (D:5)
  A phantom (D:5)
  Blork the orc (D:4)
  A hound (D:3)
  An orc priest (D:4)
  Natasha (thrice) (D:2)
  An orc wizard (D:5)
  Robin (D:2)
  A gnoll (D:1)
  3 adders
  An ufetubus (D:4)
  2 worms
  3 dart slugs
  8 orcs
  3 bats (D:1)
  11 endoplasms
  2 giant cockroaches
  10 goblins
  11 hobgoblins
  7 jackals
  3 quokkas
  7 ball pythons
  2 frilled lizards
  3 kobolds
  5 rats
94 creatures vanquished.

Vanquished Creatures (others)
  441 foxfires
441 creatures vanquished.

Grand Total: 535 creatures vanquished

Notes
Turn   | Place    | Note
-------+----------+-------------------------------------------
     0 | D:1      | bnorton916 the Deep Elf Fire Elementalist began the quest
                  | for the Orb.
     0 | D:1      | Reached XP level 1. HP: 10/10 MP: 6/6
   450 | D:1      | Reached XP level 2. HP: 15/15 MP: 6/8
   973 | D:1      | Reached XP level 3. HP: 19/19 MP: 7/10
  1593 | D:2      | Noticed Natasha
  1603 | D:2      | Killed Natasha
  1604 | D:2      | Reached XP level 4. HP: 24/24 MP: 7/12
  1604 | D:2      | Noticed Natasha
  1607 | D:2      | Learned a level 2 spell: Scorch
  1610 | D:2      | Killed Natasha
  1938 | D:2      | Noticed Robin
  1955 | D:2      | Killed Robin
  2141 | D:2      | Reached XP level 5. HP: 26/28 MP: 8/14
  2367 | D:2      | Noticed Natasha
  2377 | D:2      | Killed Natasha
  2658 | D:3      | Reached skill level 5 in Spellcasting
  3244 | D:3      | Found a faded altar of an unknown god.
  3267 | D:3      | Found a snail-covered altar of Cheibriados.
  3950 | D:4      | Reached skill level 5 in Fire Magic
  3974 | D:4      | Noticed Blork the orc
  4367 | D:4      | Reached XP level 6. HP: 32/32 MP: 11/16
  4377 | D:4      | Killed Blork the orc
  4507 | D:4      | Noticed an ice beast
  4512 | D:4      | Found a glowing golden altar of the Shining One.
  4545 | D:4      | Killed an ice beast
  4882 | D:5      | Entered Level 5 of the Dungeon
  4920 | D:5      | Reached XP level 7. HP: 36/36 MP: 11/18
  4925 | D:5      | Learned a level 4 spell: Flame Wave
  5084 | D:5      | Reached skill level 5 in Conjurations
  5351 | D:5      | Slain by an orc wizard

Illustrated notes

Levels and vault maps discovered:
D:1:      erik_arrival_orb_chamber, layout_loops_ring, kennysheep_minor_cross
D:2:      layout_rooms, serial_rivers, chequers_serial_rivers_micro_c,
          chequers_serial_rivers_large_b, chequers_serial_rivers_room_a,
          chequers_serial_rivers_micro_b, chequers_serial_rivers_small_b,
          chequers_serial_rivers_small_3, uniq_robin, uniq_natasha
D:3:      layout_basic, mainiacjoe_overflow_alcove_4,
          hellmonk_ecumenical_altar_heavens_door, minmay_tree_intersection
D:4:      layout_basic, overflow_temple_1_default, mrwooster_statue_mirror,
          uniq_blork_the_orc
D:5:      layout_layer_cave, mainiacjoe_overflow_paths, minitemple

Skill      XL: |  1  2  3  4  5  6  7 |
---------------+----------------------+-----
Conjurations   | 2 3 4 5 |  5.2
Spellcasting   | 4 5 6 |  6.9
Fire Magic     | 4 5 6 |  6.1
Dodging        | |  2.4
Stealth        | |  2.4

Action                     |  1- 3 |  4- 6 |  7- 9 || total
---------------------------+-------+-------+-------++-------
   Cast: Foxfire           |    90 |   150 |    13 ||   253
         Scorch            |       |     8 |     5 ||    13
  Evoke: Wand              |       |     1 |       ||     1
 Armour: Robe              |       |     9 |     9 ||    18
  Dodge: Dodged            |     5 |    15 |    19 ||    39
